MWL (24 & UNDER)
EVANSTON ELITISTS @ CINCINNATI PRIDE
09/09/2029
 
TOP OF THE 1ST
Evanston Elitists batting - Pitching for Cincinnati Pride : LHP David Bryant
Pitching: LHP David Bryant
Batting: RHB Henry Morris 0-0: Called Strike
0-1: Called Strike
0-2: Foul Ball, location: 2F
0-2: Ball
1-2: Ball
2-2: Fly out, F8 (Line Drive, 89D)
Batting: RHB Jorge Calderón 0-0: Ball
1-0: Foul Ball, location: 2F
1-1: Swinging Strike
1-2: Ball
2-2: Ground out 6-3 (Groundball, 6)
Batting: SHB Ryan Roberts 0-0: Called Strike
0-1: Called Strike
0-2: Strikes out looking
Top of the 1st over - 0 runs, 0 hits, 0 errors, 0 left on base; Evanston 0 - Cincinnati 0
BOTTOM OF THE 1ST
Cincinnati Pride batting - Pitching for Evanston Elitists : RHP Jesús Cervantes
Pitching: RHP Jesús Cervantes
Batting: LHB José Esparza 0-0: Foul Ball, location: 2F
0-1: Ball
1-1: Ball
2-1: Ball
3-1: Swinging Strike
3-2: Foul Ball, location: 2F
3-2: Base on Balls
Batting: RHB Noah Sturges 0-0: Ball
1-0: Ball
2-0: Ball
3-0: Base on Balls
José Esparza to second
Batting: RHB Jesús Solís 0-0: Ball
José Esparza is caught stealing 3rd base
1-0: Ball
2-0: Ball
3-0: Base on Balls
Noah Sturges to second
Batting: LHB Carl Hayden 0-0: Called Strike
0-1: DOUBLE (Line Drive, 8LXD)
Noah Sturges scores
Jesús Solís to third
Batting: LHB Will O'Dell 0-0: Ball
1-0: Called Strike
1-1: Foul Ball, location: 2F
1-2: Strikes out swinging
Batting: RHB Toshiki Kokawa 0-0: Called Strike
0-1: Ball
1-1: Ground out U3 (Groundball, 34)
Bottom of the 1st over - 1 run, 1 hit, 0 errors, 2 left on base; Evanston 0 - Cincinnati 1
TOP OF THE 2ND
Evanston Elitists batting - Pitching for Cincinnati Pride : LHP David Bryant
Batting: LHB Arthur Guzmán 0-0: Called Strike
0-1: Ball
1-1: Ball
2-1: Called Strike
2-2: Fly out, F4 (Popup, 4D)
Batting: RHB António Martínez 0-0: Ball
1-0: Ball
2-0: Called Strike
2-1: Foul Ball, location: 2F
2-2: Ball
3-2: Fly out, F5 (Flyball, 5D)
Batting: SHB Jacob Wilcox 0-0: Called Strike
0-1: Foul Ball, location: 2F
0-2: Ball
1-2: SINGLE (Groundball, 34D)
Batting: LHB Javier Mejía 0-0: Called Strike
0-1: SINGLE (Groundball, 34S) (infield hit)
Jacob Wilcox to second
Batting: RHB Ed Gaston 0-0: Foul Ball, location: 2F
0-1: Fielders Choice at 2nd, 6-4 (Groundball, 6)
Top of the 2nd over - 0 runs, 2 hits, 0 errors, 2 left on base; Evanston 0 - Cincinnati 1
BOTTOM OF THE 2ND
Cincinnati Pride batting - Pitching for Evanston Elitists : RHP Jesús Cervantes
Batting: LHB Pablo Garza 0-0: Called Strike
0-1: Ball
1-1: Called Strike
1-2: Strikes out swinging
Batting: LHB Rubén Eirado 0-0: Ball
1-0: Called Strike
1-1: Swinging Strike
1-2: Strikes out swinging
Batting: RHB Dudley Helms 0-0: Ball
1-0: Ball
2-0: Ball
3-0: Called Strike
3-1: Foul Ball, location: 2F
3-2: Strikes out swinging
Bottom of the 2nd over - 0 runs, 0 hits, 0 errors, 0 left on base; Evanston 0 - Cincinnati 1
TOP OF THE 3RD
Evanston Elitists batting - Pitching for Cincinnati Pride : LHP David Bryant
Batting: SHB Claas van der Kuijl 0-0: Called Strike
0-1: SINGLE (Groundball, 56D)
Batting: RHB Henry Morris 0-0: Ball
Wild Pitch!
Claas van der Kuijl to second
1-0: Ball
2-0: Called Strike
2-1: Foul Ball, location: 2F
2-2: Ball
3-2: Ground out U3 (Groundball, 3)
Claas van der Kuijl to third
Batting: RHB Jorge Calderón 0-0: Foul Ball, location: 2F
0-1: Ball
1-1: Foul Ball, location: 2F
1-2: Ball
2-2: Fly out, F9 (Flyball, 9)
Runner from 3rd tags up, OUT at HOME
Top of the 3rd over - 0 runs, 1 hit, 0 errors, 0 left on base; Evanston 0 - Cincinnati 1
BOTTOM OF THE 3RD
Cincinnati Pride batting - Pitching for Evanston Elitists : RHP Jesús Cervantes
Batting: LHB José Esparza 0-0: Ball
1-0: Ball
2-0: Ground out U3 (Groundball, 3)
Batting: RHB Noah Sturges 0-0: Called Strike
0-1: SOLO HOME RUN (Flyball, 9D) (Inside the Park)
Batting: RHB Jesús Solís 0-0: Called Strike
0-1: Fly out, F8 (Flyball, 8LM)
Batting: LHB Carl Hayden 0-0: Ball
1-0: Foul Ball, location: 2F
1-1: Swinging Strike
1-2: Foul Ball, location: 2F
1-2: Ball
2-2: Strikes out swinging
Bottom of the 3rd over - 1 run, 1 hit, 0 errors, 0 left on base; Evanston 0 - Cincinnati 2
TOP OF THE 4TH
Evanston Elitists batting - Pitching for Cincinnati Pride : LHP David Bryant
Batting: SHB Ryan Roberts 0-0: Called Strike
0-1: Called Strike
0-2: Strikes out swinging
Batting: LHB Arthur Guzmán 0-0: Ball
1-0: Foul Ball, location: 2F
1-1: Called Strike
1-2: Fly out, F8 (Flyball, 8RS)
Batting: RHB António Martínez 0-0: Swinging Strike
0-1: Ball
1-1: Swinging Strike
1-2: Ball
2-2: Foul Ball, location: 2F
2-2: Strikes out looking
Top of the 4th over - 0 runs, 0 hits, 0 errors, 0 left on base; Evanston 0 - Cincinnati 2
BOTTOM OF THE 4TH
Cincinnati Pride batting - Pitching for Evanston Elitists : RHP Jesús Cervantes
Batting: LHB Will O'Dell 0-0: DOUBLE (Line Drive, 89D)
Batting: RHB Toshiki Kokawa 0-0: Ball
1-0: Ball
2-0: Ball
3-0: Base on Balls
Batting: LHB Pablo Garza 0-0: Ball
1-0: Ball
2-0: Foul Ball, location: 2F
2-1: Ball
3-1: Base on Balls
Will O'Dell to third
Toshiki Kokawa to second
Batting: LHB Rubén Eirado 0-0: Foul Ball, location: 2F
0-1: Swinging Strike
0-2: Foul Ball, location: 2F
0-2: Foul Ball, location: 2F
0-2: Strikes out looking
Batting: RHB Dudley Helms 0-0: Ball
1-0: Ball
2-0: Ball
3-0: Base on Balls
Will O'Dell scores
Toshiki Kokawa to third
Pablo Garza to second
Batting: LHB José Esparza 0-0: Fielders Choice at 2nd, 3-6 (Groundball, 3)
Toshiki Kokawa scores
Pablo Garza to third
Batting: RHB Noah Sturges 0-0: Ball
1-0: Foul Ball, location: 2F
1-1: Called Strike
1-2: Ball
José Esparza is caught stealing 2nd base
Bottom of the 4th over - 2 runs, 1 hit, 0 errors, 1 left on base; Evanston 0 - Cincinnati 4
TOP OF THE 5TH
Evanston Elitists batting - Pitching for Cincinnati Pride : LHP David Bryant
Batting: SHB Jacob Wilcox 0-0: Called Strike
0-1: Ball
1-1: Ball
2-1: Foul Ball, location: 2F
2-2: Foul Ball, location: 2F
2-2: Ball
3-2: Foul Ball, location: 2F
3-2: Foul Ball, location: 2F
3-2: Foul Ball, location: 2F
3-2: Fly out, F5 (Line Drive, 56)
Batting: LHB Javier Mejía 0-0: Called Strike
0-1: Called Strike
0-2: Reached on error, E5 (Groundball, 5S)
Batting: RHB Ed Gaston 0-0: Called Strike
0-1: Ball
1-1: Ball
2-1: Foul Ball, location: 2F
2-2: Foul Ball, location: 2F
2-2: Fly out, F6 (Popup, 6)
Batting: SHB Claas van der Kuijl 0-0: Ball
1-0: Called Strike
1-1: Ball
2-1: Called Strike
2-2: Foul Ball, location: 2F
2-2: Foul Ball, location: 2F
2-2: Ball
3-2: Base on Balls
Javier Mejía to second
Batting: RHB Henry Morris 0-0: Ball
1-0: SINGLE (Flyball, 4MD)
Javier Mejía to third
Claas van der Kuijl to second
Runner from 3rd tries for Home, throw and OUT!
Top of the 5th over - 0 runs, 1 hit, 1 error, 2 left on base; Evanston 0 - Cincinnati 4
BOTTOM OF THE 5TH
Cincinnati Pride batting - Pitching for Evanston Elitists : RHP Jesús Cervantes
Batting: RHB Noah Sturges 0-0: Called Strike
0-1: Called Strike
0-2: Strikes out swinging
Batting: RHB Jesús Solís 0-0: Ball
1-0: Fly out, F9 (Flyball, 9)
Batting: LHB Carl Hayden 0-0: Called Strike
0-1: Fly out, F8 (Flyball, 8RM)
Bottom of the 5th over - 0 runs, 0 hits, 0 errors, 0 left on base; Evanston 0 - Cincinnati 4
TOP OF THE 6TH
Evanston Elitists batting - Pitching for Cincinnati Pride : LHP David Bryant
Batting: RHB Jorge Calderón 0-0: Ball
1-0: Called Strike
1-1: Swinging Strike
1-2: Strikes out swinging
Batting: SHB Ryan Roberts 0-0: Ball
1-0: Ball
2-0: Called Strike
2-1: Called Strike
2-2: Fly out, F9 (Flyball, 9S)
Batting: LHB Arthur Guzmán 0-0: Ball
1-0: Called Strike
1-1: Foul Ball, location: 2F
1-2: Ball
2-2: Strikes out swinging
Top of the 6th over - 0 runs, 0 hits, 0 errors, 0 left on base; Evanston 0 - Cincinnati 4
BOTTOM OF THE 6TH
Cincinnati Pride batting - Pitching for Evanston Elitists : RHP Jesús Cervantes
Batting: LHB Will O'Dell 0-0: Ball
1-0: Foul Ball, location: 2F
1-1: SINGLE (Groundball, 4D)
Batting: RHB Toshiki Kokawa 0-0: Ball
1-0: Foul Ball, location: 2F
1-1: Ball
2-1: Grounds into double play, 4-6-3 (Groundball, 4)
Batting: LHB Pablo Garza 0-0: SINGLE (Groundball, 4MD)
Batting: LHB Rubén Eirado 0-0: Ground out 4-3 (Groundball, 4)
Bottom of the 6th over - 0 runs, 2 hits, 0 errors, 1 left on base; Evanston 0 - Cincinnati 4
TOP OF THE 7TH
Evanston Elitists batting - Pitching for Cincinnati Pride : LHP David Bryant
Batting: RHB António Martínez 0-0: Ground out 6-3 (Groundball, 6MS)
Batting: SHB Jacob Wilcox 0-0: Ball
1-0: Ball
2-0: Ball
3-0: Base on Balls
Batting: LHB Javier Mejía 0-0: Ball
1-0: Called Strike
1-1: Ball
2-1: Ball
3-1: SINGLE (Groundball, 56D)
Jacob Wilcox to second
Pitching: LHP Pedro Castro
Batting: RHB Ed Gaston 0-0: Ball
1-0: Ball
2-0: Ball
3-0: Base on Balls
Jacob Wilcox to third
Javier Mejía to second
Batting: SHB Claas van der Kuijl 0-0: Ball
1-0: Ball
2-0: Called Strike
2-1: Foul Ball, location: 2F
2-2: Ball
3-2: Foul Ball, location: 2F
3-2: Foul Ball, location: 2F
3-2: Strikes out swinging
Batting: RHB Henry Morris 0-0: Ball
1-0: Foul Ball, location: 2F
1-1: Ball
2-1: Ball
3-1: Called Strike
3-2: Foul Ball, location: 2F
3-2: Ground out 4-3 (Groundball, 4)
Top of the 7th over - 0 runs, 1 hit, 0 errors, 3 left on base; Evanston 0 - Cincinnati 4
BOTTOM OF THE 7TH
Cincinnati Pride batting - Pitching for Evanston Elitists : RHP Jesús Cervantes
Batting: RHB Dudley Helms 0-0: Ball
1-0: Ball
2-0: Called Strike
2-1: Foul Ball, location: 2F
2-2: Ball
3-2: Foul Ball, location: 2F
3-2: Foul Ball, location: 2F
3-2: SINGLE (Line Drive, 5D)
Pitching: LHP José Alonso
Batting: LHB José Esparza 0-0: Called Strike
0-1: Sac Bunt - play at first, batter OUT! 2-3
Dudley Helms to second
Batting: RHB Noah Sturges 0-0: Called Strike
Dudley Helms steals 3rd base
0-1: Ball
1-1: Ball
2-1: SINGLE (Line Drive, 9LS)
Dudley Helms scores
Batting: RHB Jesús Solís 0-0: Called Strike
0-1: Foul Ball, location: 2F
0-2: Strikes out swinging
Batting: LHB Carl Hayden 0-0: Ball
1-0: Called Strike
1-1: Fly out, F8 (Flyball, 8RM)
Bottom of the 7th over - 1 run, 2 hits, 0 errors, 1 left on base; Evanston 0 - Cincinnati 5
TOP OF THE 8TH
Evanston Elitists batting - Pitching for Cincinnati Pride : LHP Pedro Castro
Batting: RHB Jorge Calderón 0-0: Ball
1-0: Ball
2-0: Fly out, F7 (Line Drive, 7)
Batting: SHB Ryan Roberts 0-0: Ball
1-0: Swinging Strike
1-1: Ground out 4-3 (Groundball, 34)
Batting: LHB Arthur Guzmán 0-0: Foul Ball, location: 2F
0-1: Ball
1-1: Ball
2-1: Ball
3-1: Foul Ball, location: 2F
3-2: Base on Balls
Batting: RHB António Martínez 0-0: Called Strike
0-1: Ball
1-1: Ball
2-1: SINGLE (Line Drive, 8RM)
Arthur Guzmán to second
Batting: SHB Jacob Wilcox 0-0: Foul Ball, location: 2F
0-1: Foul Ball, location: 2F
0-2: Foul Ball, location: 2F
0-2: Strikes out swinging
Top of the 8th over - 0 runs, 1 hit, 0 errors, 2 left on base; Evanston 0 - Cincinnati 5
BOTTOM OF THE 8TH
Cincinnati Pride batting - Pitching for Evanston Elitists : LHP José Alonso
Batting: LHB Will O'Dell 0-0: Swinging Strike
0-1: Foul Ball, location: 2F
0-2: Ball
1-2: SINGLE (Groundball, 34D)
Batting: RHB Toshiki Kokawa 0-0: Called Strike
0-1: SINGLE (Groundball, 4MD)
Will O'Dell to second
Batting: LHB Pablo Garza 0-0: Ball
1-0: Ball
2-0: Foul Ball, location: 2F
2-1: Foul Ball, location: 2F
2-2: Ball
3-2: Strikes out looking
Batting: LHB Rubén Eirado 0-0: Ball
Will O'Dell steals 3rd base
1-0: Ball
2-0: Foul Ball, location: 2F
2-1: Called Strike
2-2: Strikes out swinging
Batting: RHB Dudley Helms 0-0: SINGLE (Line Drive, 4MD)
Will O'Dell scores
Toshiki Kokawa to second
Batting: LHB José Esparza 0-0: Ball
1-0: Called Strike
1-1: Called Strike
1-2: Strikes out swinging
Bottom of the 8th over - 1 run, 3 hits, 0 errors, 2 left on base; Evanston 0 - Cincinnati 6
TOP OF THE 9TH
Evanston Elitists batting - Pitching for Cincinnati Pride : LHP Pedro Castro
Batting: LHB Javier Mejía 0-0: Ball
1-0: Ball
2-0: Foul Ball, location: 2F
2-1: Called Strike
2-2: Ball
3-2: Foul Ball, location: 2F
3-2: Strikes out swinging
Batting: RHB Ed Gaston 0-0: Ball
1-0: Foul Ball, location: 2F
1-1: Swinging Strike
1-2: Foul Ball, location: 2F
1-2: Ball
2-2: Ball
3-2: Foul Ball, location: 2F
3-2: Strikes out looking
Batting: SHB Claas van der Kuijl 0-0: Ball
1-0: Ball
2-0: Called Strike
2-1: Ball
3-1: Foul Ball, location: 2F
3-2: Base on Balls
Batting: RHB Henry Morris 0-0: Swinging Strike
0-1: Ground out U3 (Groundball, 34)
Top of the 9th over - 0 runs, 0 hits, 0 errors, 1 left on base; Evanston 0 - Cincinnati 6
Saturday, December 16th, 2017 - OOTP Baseball 18.8 Build 76